 Dungeon Crawl Stone Soup version 0.29-a0-887-gcbe080d7e0 (webtiles) character file.

Game seed: 9870077930950096968

95 jimonade the Trooper (level 4, 0/35 HPs)
             Began as a Djinni Fighter on July 21, 2022.
             Slain by Natasha (1 damage)
             ... on level 2 of the Dungeon.
             The game lasted 00:02:10 (1641 turns).

jimonade the Trooper (Djinni Fighter)               Turns: 1641, Time: 00:02:11

Health: 0/35       AC:  6    Str: 15    XL:     4   Next: 95%
Gold:   111        EV:  9    Int: 11    God:
                   SH:  4    Dex: 13

rFire   + + .      SeeInvis .   a - +0 long sword
rCold   x . .      Faith    .   c - +0 buckler
rNeg    . . .      Spirit   .   b - +0 scale mail
rPois   ∞          Reflect  .   (no helmet)
rElec   .          Harm     .   (no cloak)
rCorr   .          Rampage  .   (no gloves)
Will    .....                   (boots unavailable)
Stlth   ..........              (no amulet)
HPRegen 0.11/turn               (no ring)
MPRegen 0.00/turn               (no ring)

@: flying, slowed, very slow
A: sickness immunity, fire resistance 2, cold vulnerability 1, float, innate
caster, HP casting, extra vitality 1
a: no special abilities


You were on level 2 of the Dungeon.
You visited 1 branch of the dungeon, and saw 2 of its levels.

You collected 111 gold pieces.

Inventory:

Hand Weapons
 a - a +0 long sword (weapon)
 l - a +0 mace
 n - a +0 rapier
Armour
 b - a +0 scale mail (worn)
 c - a +0 buckler (worn)
 i - a +0 leather armour
Scrolls
 e - a scroll of brand weapon {unknown}
 f - a scroll of vulnerability {unknown}
 g - a scroll of noise {unknown}
 h - a scroll of teleportation {unknown}
 o - a scroll of silence {unknown}
Potions
 d - a potion of might
 j - a potion of flight {unknown}
 k - 2 potions of curing
 m - a potion of brilliance {unknown}


   Skills:
 * Level 3.5 Fighting
 + Level 2.8 Long Blades
 + Level 3.3 Armour
 + Level 0.5 Dodging
 + Level 3.2 Shields
 * Level 1.1 Spellcasting


You had 4 spell levels left.
You knew the following spells:

 Your Spells              Type           Power      Damage    Failure   Level
a - Slow                  Hex            12%        N/A       69%         1
Your spell library was empty.

Dungeon Overview and Level Annotations

Branches:
Dungeon (2/15)

Altars:

Annotations:
D:2 Natasha


Innate Abilities, Weirdness & Mutations

You are immune to sickness and miasma.
You are immune to poison.
Your flesh is very heat resistant. (rF++)
You are vulnerable to cold. (rC-)
You float through the air rather than walking.
You learn spells naturally, not from books.
Your magical power is your life essence.
You have superior vitality. (+4 MHP)


Message History

Natasha casts a spell at you. The magic dart hits you!
You hit Natasha but do no damage.
Natasha is almost dead.
You block Natasha's attack.
You barely miss Natasha.
Natasha is almost dead.
Natasha claws you.
Natasha drinks a potion.
Natasha is healed!
You closely miss Natasha.
Natasha is heavily wounded.
You block Natasha's attack.
You closely miss Natasha.
Natasha is heavily wounded.
Natasha hisses.
Natasha claws you.
* * * LOW HITPOINT WARNING * * *
You barely miss Natasha.
Natasha is heavily wounded.
You block Natasha's attack. Natasha casts a spell at you.
You feel yourself slow down.
You hit Natasha.
Natasha is heavily wounded.
Natasha claws you.
* * * LOW HITPOINT WARNING * * *
The worm closely misses you. Natasha claws you.
* * * LOW HITPOINT WARNING * * *
You barely miss Natasha.
Natasha is heavily wounded.
You block the worm's attack.
Natasha stares at you and mumbles some strange words.
You resist with some effort.
You completely miss Natasha.
Natasha is heavily wounded.
Natasha closely misses you. The worm closely misses you. Natasha misses you.
You block the worm's attack.
You hit Natasha.
Natasha is almost dead.
Natasha claws you.
You die...

...## #. #.#.#
...# #. #.#
#### #.## #.#
## #... #.# .#
#.!####.# †#
######.......#
.##
#.......######
..#
###.#####.#
#.#
......h@w.#
#.#
###.#####.#
#.# #.# #.#
#.# #.# #.#
#.# ..# #.#
..# #.# .w#
#.#


You could see a worm and Natasha.

Vanquished Creatures
  Natasha (D:2)
  2 adders (D:2)
  A dart slug (D:1)
  4 bats
  3 endoplasms
  2 giant cockroaches
  5 goblins
  5 hobgoblins
  4 jackals (D:2)
  3 quokkas (D:1)
  2 ball pythons (D:1)
  2 frilled lizards
  6 kobolds
  6 rats
46 creatures vanquished.

Vanquished Creatures (others)
  A demonic plant (D:2)
1 creature vanquished.

Grand Total: 47 creatures vanquished

Notes
Turn   | Place    | Note
-------+----------+-------------------------------------------
     0 | D:1      | jimonade the Djinni Fighter began the quest for the Orb.
     0 | D:1      | Reached XP level 1. HP: 20/20 MP: 0/0
    56 | D:1      | Reached XP level 2. HP: 18/25 MP: 0/0
   494 | D:1      | Reached XP level 3. HP: 29/30 MP: 0/0
   494 | D:1      | Learned a level 1 spell: Slow
  1175 | D:2      | Reached XP level 4. HP: 23/35 MP: 0/0
  1298 | D:2      | Found a faded altar of an unknown god.
  1355 | D:2      | Reached skill level 1 in Spellcasting
  1430 | D:2      | Noticed Natasha
  1436 | D:2      | Killed Natasha
  1625 | D:2      | Noticed Natasha
  1638 | D:2      | HP: 1/35 [Natasha (6)]
  1641 | D:2      | Slain by Natasha

Illustrated notes

Levels and vault maps discovered:
D:1:      dpeg_arrival_fog, layout_loops_ring
D:2:      layout_loops_ring, dreamdust_ecumenical_altar_sealed_demon,
          uniq_natasha

Skill      XL: |  1  2  3  4 |
---------------+-------------+-----
Long Blades    | 2 |  2.8
Spellcasting   | 1 |  1.1
Fighting       | |  3.5
Armour         | |  3.3
Dodging        | |  0.5
Shields        | |  3.2

Action                   |  1- 3 |  4- 6 || total
-------------------------+-------+-------++-------
Melee: Long sword        |    97 |    54 ||   151
Armor: Scale mail        |    48 |    35 ||    83
Dodge: Dodged            |    43 |    22 ||    65
Block: Buckler           |    17 |    18 ||    35

Table legend: (Time is in decaauts)
 A = Elapsed time spent in this place.
 B = Non-inter-level travel time spent in this place.
 C = Inter-level travel time spent in this place.
 D = Time resting spent in this place.
 E = Time spent auto-exploring this place.
 F = Levels seen in this place.
 G = Mean time per level.
                   A        B        C        D        E       F      G
               +--------+--------+--------+--------+--------+-----+--------+
         Total |   1691 |   1620 |     71 |      0 |   1266 |   2 |  845.5 |
       Dungeon |   1691 |   1620 |     71 |      0 |   1266 |   2 |  845.5 |
               +--------+--------+--------+--------+--------+-----+--------+

Top non-repeatable levels by time:
     D:1: 1106 daAuts
     D:2: 585 daAuts
